[Event "fics rated crazyhouse match"]
[Site "fics, Oklahoma City, OK USA"]
[Date "2000.02.05"]
[White "jtp"]
[WhiteElo "2335"]
[Black "Leech"]
[BlackElo "2227"]
[TimeControl "180+0"]
[Result "1-0"]

1. e4 d5 2. exd5 e6 3. dxe6 Bxe6 4. Nf3 Nf6 5. Nc3 Nc6 6. Bb5 
Be7 7. P@a6 P@d7 8. axb7 Rb8 9. Bxc6 dxc6 10. d4 Rxb7 11. P@h6 Rg8 
12. N@f4 gxh6 13. Nxe6 fxe6 14. Bxh6 Rxg2 15. P@f7+ Kxf7 16. Ne5+ Kg8 17. B@f7+ 
Kh8 18. P@g7+ Rxg7 19. Bxg7+ Kxg7 20. Rg1+ P@g6 21. Bxe6 Rxb2 22. R@f7+ Kh8 
23. P@g7+ Kg8 24. Rxe7+ P@f7 25. Rxf7 B@b4 26. Rxf6+ P@f7 27. N@h6+ Kxg7 28. Rxf7+ 
Kxh6 29. B@g7# 
{Leech checkmated} 1-0

[Event "fics rated crazyhouse match"]
[Site "fics, Oklahoma City, OK USA"]
[Date "2000.02.05"]
[White "Leech"]
[WhiteElo "2221"]
[Black "jtp"]
[BlackElo "2341"]
[TimeControl "180+0"]
[Result "0-1"]

1. e4 Nc6 2. Nc3 Nf6 3. Nf3 e6 4. Bb5 Bb4 5. e5 Ng4 6. O-O 
Ngxe5 7. Re1 Nxf3+ 8. Qxf3 N@d4 9. Qg3 Rg8 10. N@h5 P@g6 11. Nxg7+ Rxg7 
12. Bxc6 Bxc3 13. dxc3 N@e2+ 14. Kh1 Nxg3+ 15. hxg3 Nxc6 16. Bh6 Q@h5+ 17. B@h4 
Qxh6 18. N@g4 Qhxh4+ 19. gxh4 Qxh4+ 20. P@h3 B@e7 21. Rxe6 dxe6 22. Rd1 B@d5 
23. P@g3 Qxh3+ 24. Q@h2 Qxg4 25. N@e3 Qe2 26. Qh6 Qxf2 27. Qxg7 Bxg2+ 28. Nxg2 
Qxg2+ 29. Kxg2 P@f3+ 30. Kxf3 N@e5+ 31. Kf2 N@g4+ 32. Kg1 P@f2+ 33. Kf1 R@g1+ 
34. Ke2 B@f3+ 35. Kd2 Rxd1# 
{Leech checkmated} 0-1

[Event "fics rated crazyhouse match"]
[Site "fics, Oklahoma City, OK USA"]
[Date "2000.02.05"]
[White "jtp"]
[WhiteElo "2346"]
[Black "Leech"]
[BlackElo "2216"]
[TimeControl "180+0"]
[Result "1-0"]

1. e4 e6 2. d4 Nf6 3. Nc3 d5 4. exd5 Nxd5 5. Nxd5 exd5 6. Nf3 
Nc6 7. Bb5 Be7 8. Ne5 Bd7 9. Bxc6 bxc6 10. Nxf7 Kxf7 11. N@e5+ Kf8 
12. N@f7 P@f6 13. Nxd8 Ke8 14. Ndxc6 fxe5 15. Nxe7 Kxe7 16. B@h4+ B@f6 17. P@g5 
exd4 18. gxf6+ gxf6 19. Bxf6+ Kxf6 20. B@g5+ Ke6 21. Q@f6# 
{Leech checkmated} 1-0

[Event "fics rated crazyhouse match"]
[Site "fics, Oklahoma City, OK USA"]
[Date "2000.02.05"]
[White "Leech"]
[WhiteElo "2211"]
[Black "jtp"]
[BlackElo "2351"]
[TimeControl "180+0"]
[Result "0-1"]

1. Nf3 Nc6 2. Ng5 e5 3. Nxf7 Kxf7 4. e4 Be7 5. Bc4+ N@e6 6. P@d5 
Nh6 7. dxc6 bxc6 8. d4 d5 9. Bxh6 dxc4 10. dxe5 Qxd1+ 11. Kxd1 Rd8+ 
12. P@d6 Q@h5+ 13. Q@f3+ Qxf3+ 14. gxf3 Q@g2 15. Q@f5+ P@f6 16. Re1 cxd6 17. exf6 
Bxf6 18. N@h4 Qxf2 19. P@g6+ Ke7 20. Bxg7 Nxg7 21. Qxf6+ Kxf6 22. P@g5+ Kxg5 
23. B@e7+ P@f6 24. Bxd8 Qxe1+ 25. Kxe1 Q@e3+ 26. N@e2 P@f2+ 27. Kf1 R@g1+ 28. Nxg1 
fxg1=Q# 
{Leech checkmated} 0-1

[Event "fics rated crazyhouse match"]
[Site "fics, Oklahoma City, OK USA"]
[Date "2000.02.05"]
[White "jtp"]
[WhiteElo "2356"]
[Black "Leech"]
[BlackElo "2206"]
[TimeControl "180+0"]
[Result "1-0"]

1. e4 e6 2. d4 d6 3. Nc3 Nf6 4. Bd3 Nc6 5. Nf3 e5 6. d5 
Nd4 7. Nxd4 exd4 8. Nb5 Qe7 9. Qe2 Bg4 10. f3 Bc8 11. Nxd4 N@e5 
12. Bb5+ Bd7 13. P@c6 bxc6 14. dxc6 Bxc6 15. Nxc6 P@d7 16. P@b7 Rd8 17. Nxe7 
Bxe7 18. N@f5 N@d4 19. Nxd4 P@c6 
{Leech resigns} 1-0

[Event "fics rated crazyhouse match"]
[Site "fics, Oklahoma City, OK USA"]
[Date "2000.02.05"]
[White "Leech"]
[WhiteElo "2201"]
[Black "jtp"]
[BlackElo "2361"]
[TimeControl "180+0"]
[Result "1-0"]

1. e4 Nf6 2. e5 Ne4 3. Qf3 d5 4. d3 Nc5 5. Nc3 d4 6. Ne4 
Nxe4 7. dxe4 e6 8. Nh3 Nc6 9. Bb5 Bd7 10. Bxc6 Bxc6 11. O-O B@f5 
12. N@g5 Be7 13. exf5 Bxf3 14. Nxf3 exf5 15. N@h5 Rg8 16. Nhg5 N@e2+ 17. Kh1 
Nxc1 18. Nxf7 Kxf7 19. e6+ Kxe6 20. Nf4+ Kf7 21. B@e6+ Kf8 22. Bxg8 Kxg8 
23. B@e6+ P@f7 24. Bxf7+ Kxf7 25. P@e6+ Kf8 26. P@f7 N@f6 27. R@h8+ B@g8 28. Raxc1 
Q@g4 29. fxg8=Q+ Nxg8 30. B@f7 Bg5 31. Rxg8+ Ke7 32. N@d5+ Kd6 33. Rxd8+ Rxd8 
34. N@b5+ Kc5 35. Q@b4+ Kc6 36. Nxa7# 
{jtp checkmated} 1-0

[Event "fics rated crazyhouse match"]
[Site "fics, Oklahoma City, OK USA"]
[Date "2000.02.05"]
[White "jtp"]
[WhiteElo "2350"]
[Black "Leech"]
[BlackElo "2212"]
[TimeControl "180+0"]
[Result "1-0"]

1. e4 e6 2. Nc3 Nf6 3. Nf3 d5 4. exd5 Nxd5 5. d4 Bb4 6. Bd2 
Bxc3 7. bxc3 N@e4 8. Ne5 Ndxc3 9. Bxc3 Nxc3 10. Qf3 P@d2+ 11. Kxd2 Qg5+ 
12. B@e3 Qe7 13. N@h5 P@b2 14. Nxg7+ Kd8 15. P@f6 B@c1+ 16. Ke1 Bxe3 17. fxe7+ 
Kxe7 18. Qxf7+ Kd6 19. Q@c5# 
{Leech checkmated} 1-0

[Event "fics rated crazyhouse match"]
[Site "fics, Oklahoma City, OK USA"]
[Date "2000.02.05"]
[White "Leech"]
[WhiteElo "2207"]
[Black "jtp"]
[BlackElo "2355"]
[TimeControl "180+0"]
[Result "0-1"]

1. e4 Nf6 2. e5 Ne4 3. Qf3 d5 4. d3 Nc5 5. Bf4 Nc6 6. Nc3 
e6 7. Nge2 d4 8. Ne4 Nxe4 9. Qxe4 Bb4+ 10. N@d2 N@a4 11. b3 Nc3 
12. Qf3 Qd5 13. Qxd5 Nxd5 14. Q@g5 Nxf4 15. Qxf4 B@c3 16. Nxc3 dxc3 17. Ne4 
Q@b2 18. Qc1 N@d2 19. N@f6+ gxf6 20. Nxf6+ Kd8 21. P@g7 Re8 22. B@g5 N@f3+ 
23. gxf3 Nxf3+ 24. Ke2 Nxg5 25. Nxe8 Qxc1 
{Leech forfeits on time} 0-1

[Event "fics rated crazyhouse match"]
[Site "fics, Oklahoma City, OK USA"]
[Date "2000.02.05"]
[White "jtp"]
[WhiteElo "2360"]
[Black "XXNoWay"]
[BlackElo "2267"]
[TimeControl "180+0"]
[Result "1-0"]

1. e4 e6 2. Nc3 Nf6 3. e5 Nd5 4. Nxd5 exd5 5. Nf3 d6 6. d4 
Nc6 7. Bb5 Bg4 8. N@a5 Qd7 9. Nxb7 Bxf3 10. Qxf3 dxe5 11. B@a4 N@b4 
12. a3 a6 13. Bxc6 Nxc6 14. N@c5 P@g4 15. Qe2 Bxc5 16. Nxc5 Qd6 17. Bxc6+ 
Qxc6 18. B@d7+ Qxd7 19. Nxd7 N@h4 20. N@f6+ gxf6 21. Nxf6+ Kf8 22. Bh6+ B@g7 
23. Bxg7+ Kxg7 24. Nh5+ Kf8 25. P@g7+ Ke7 26. Qxe5+ B@e6 
{XXNoWay resigns} 1-0

[Event "fics rated crazyhouse match"]
[Site "fics, Oklahoma City, OK USA"]
[Date "2000.02.05"]
[White "XXNoWay"]
[WhiteElo "2258"]
[Black "jtp"]
[BlackElo "2366"]
[TimeControl "180+0"]
[Result "0-1"]

1. e4 Nc6 2. Nc3 Nf6 3. Nf3 e6 4. Bb5 Bb4 5. d3 d5 6. e5 
d4 7. O-O dxc3 8. exf6 Qxf6 9. bxc3 Bxc3 10. Bg5 Rg8 11. Bxf6 gxf6 
12. P@h6 Bd7 13. N@g7+ Kd8 14. Rb1 B@g4 15. Q@c5 N@d5 16. Bxc6 Bxc6 17. N@d4 
Bxd4 18. Nxd4 Bxd1 19. Rfxd1 B@d6 20. Qa5 P@b6 21. Qd2 N@c3 22. Nxc6+ bxc6 
23. B@b7 Nxb1 24. Bxa8 Nxd2 25. R@b8+ N@c8 26. Bb7 Q@d7 27. Rxc8+ Qxc8 
{XXNoWay forfeits on time} 0-1

[Event "fics rated crazyhouse match"]
[Site "fics, Oklahoma City, OK USA"]
[Date "2000.02.05"]
[White "jtp"]
[WhiteElo "2372"]
[Black "XXNoWay"]
[BlackElo "2250"]
[TimeControl "180+0"]
[Result "1-0"]

1. e4 e6 2. Nc3 Ne7 3. Nf3 Ng6 4. d4 Be7 5. Bd3 O-O 6. Qe2 
f6 7. h4 e5 8. h5 Nf4 9. Bxf4 exf4 10. h6 gxh6 11. Rxh6 P@g7 
12. Rh1 d6 13. e5 f5 14. e6 B@g6 15. d5 c6 16. P@f7+ Kh8 17. N@d4 
cxd5 18. Nxd5 P@e4 19. Nxf4 Bxf7 20. exf7 Rxf7 21. P@g6 exf3 22. gxf7 fxe2 
23. Ng6# 
{XXNoWay checkmated} 1-0

[Event "fics rated crazyhouse match"]
[Site "fics, Oklahoma City, OK USA"]
[Date "2000.02.05"]
[White "XXNoWay"]
[WhiteElo "2242"]
[Black "jtp"]
[BlackElo "2377"]
[TimeControl "180+0"]
[Result "1-0"]

1. e4 Nc6 2. Nc3 Nf6 3. Bb5 e6 4. Nf3 Bb4 5. d3 d5 6. e5 
d4 7. Bd2 dxc3 8. bxc3 Bxc3 9. Bxc3 Nd5 10. B@h4 P@f6 11. P@b2 N@f5 
12. exf6 Nxh4 13. fxg7 Nxf3+ 14. Qxf3 Rg8 15. Qxd5 exd5 16. N@f6+ Qxf6 17. Bxf6 
B@b4+ 18. P@c3 Q@e6+ 19. P@e5 N@d7 20. Bxc6 Qxf6 21. exf6 bxc6 22. cxb4 B@d6 
23. B@e7 Bxe7 24. fxe7 Kxe7 25. N@f5# 
{jtp resigns} 1-0

[Event "fics rated crazyhouse match"]
[Site "fics, Oklahoma City, OK USA"]
[Date "2000.02.05"]
[White "jtp"]
[WhiteElo "2366"]
[Black "XXNoWay"]
[BlackElo "2258"]
[TimeControl "180+0"]
[Result "1-0"]

1. e4 e6 2. Nc3 Nf6 3. Nf3 Bb4 4. e5 Bxc3 5. bxc3 Nd5 6. B@h4 
f6 7. c4 N@f5 8. cxd5 Nxh4 9. Nxh4 fxe5 10. Qh5+ B@f7 11. Qxe5 Qxh4 
12. Qxg7 N@g6 13. N@f6+ Ke7 14. N@g8# 
{XXNoWay resigns} 1-0

[Event "fics rated crazyhouse match"]
[Site "fics, Oklahoma City, OK USA"]
[Date "2000.02.05"]
[White "XXNoWay"]
[WhiteElo "2250"]
[Black "jtp"]
[BlackElo "2372"]
[TimeControl "180+0"]
[Result "0-1"]

1. e4 Nf6 2. e5 Ne4 3. Nc3 Nxf2 4. Kxf2 Nc6 5. Nf3 d6 6. Bb5 
e6 7. Rf1 dxe5 8. Bxc6+ bxc6 9. Kg1 Bc5+ 10. Kh1 B@g4 11. Ne4 Be7 
12. N@e3 Bxf3 13. Qxf3 P@f5 14. N@h5 Rg8 15. d3 N@d4 16. Qf2 P@e2 17. Re1 
fxe4 18. Rxe2 Nxe2 19. Qxe2 exd3 20. cxd3 N@d4 21. Qf2 R@e2 22. Qf1 Bg5 
23. B@d2 Ba6 24. P@c2 Rxe3 25. Bxe3 Nxc2 26. Bxg5 P@f6 27. Bxf6 gxf6 28. Nxf6+ 
Qxf6 29. Qxf6 B@e7 30. N@g7+ Kd8 31. Qxe7+ Kxe7 32. P@f6+ Kd7 33. Q@e7+ Kc8 
34. P@d7+ Kb7 35. B@c8+ Kb8 36. Bxa6 Q@e1+ 37. B@f1 Qxf1+ 38. B@g1 N@f2# 
{XXNoWay checkmated} 0-1

[Event "fics rated crazyhouse match"]
[Site "fics, Oklahoma City, OK USA"]
[Date "2000.02.05"]
[White "jtp"]
[WhiteElo "2377"]
[Black "XXNoWay"]
[BlackElo "2243"]
[TimeControl "180+0"]
[Result "1-0"]

1. e4 e6 2. Nc3 Nf6 3. e5 Nd5 4. Nxd5 exd5 5. d4 Nc6 6. Nf3 
d6 7. Bb5 Bd7 8. Qe2 Be7 9. exd6 cxd6 10. N@h5 Rg8 11. P@f6 gxf6 
12. Nxf6+ Kf8 13. Bh6+ P@g7 14. Nxh7+ Ke8 15. Bxc6 Qa5+ 16. Bd2 
{XXNoWay resigns} 1-0

[Event "fics rated crazyhouse match"]
[Site "fics, Oklahoma City, OK USA"]
[Date "2000.02.05"]
[White "XXNoWay"]
[WhiteElo "2236"]
[Black "jtp"]
[BlackElo "2382"]
[TimeControl "180+0"]
[Result "1-0"]

1. e4 Nc6 2. Nc3 Nf6 3. Nf3 d5 4. e5 Ne4 5. Bb5 Nxf2 6. Kxf2 
d4 7. Ne4 Bg4 8. Rf1 Qd5 9. Bxc6+ bxc6 10. N@g5 h6 11. N@f4 Qd8 
12. Nxf7 Kxf7 13. e6+ Bxe6 14. Nxe6 N@g4+ 15. Kg1 P@f2+ 16. Nxf2 Nxf2 17. Rxf2 
Kxe6 18. Qe2+ P@e3 19. dxe3 B@b5 20. P@c4 d3 21. cxd3 Ba4 22. Nd4+ Kd6 
23. N@e4+ Kd7 24. B@e6+ Ke8 25. P@f7# 
{jtp checkmated} 1-0

[Event "fics rated crazyhouse match"]
[Site "fics, Oklahoma City, OK USA"]
[Date "2000.02.05"]
[White "jtp"]
[WhiteElo "2371"]
[Black "XXNoWay"]
[BlackElo "2250"]
[TimeControl "180+0"]
[Result "1-0"]

1. e4 e6 2. Nc3 Nf6 3. Nf3 d5 4. exd5 exd5 5. Bb5+ Nc6 6. Qe2+ 
P@e4 7. P@g5 Bg4 8. gxf6 Bxf3 9. gxf3 N@d4 10. Bxc6+ bxc6 11. B@a4 Qxf6 
12. Nxd5 Nxf3+ 13. Kd1 Qe5 14. Bxc6+ P@d7 15. Bxa8 Bd6 16. R@c8+ B@d8 17. Rxd8+ 
Kxd8 18. N@b7+ Ke8 19. Nxd6+ Qxd6 20. N@f5 Qc5 21. Qxe4+ R@e5 22. Qxf3 P@e2+ 
23. Qxe2 Rxe2 24. B@d3 Re5 25. N@f6+ Kd8 26. P@e7+ Kc8 27. e8=Q+ Rhxe8 28. Nxe8 
Q@f3+ 29. P@e2 Qxh1+ 30. B@e1 N@g2 31. P@b7# 
{XXNoWay resigns} 1-0

[Event "fics rated crazyhouse match"]
[Site "fics, Oklahoma City, OK USA"]
[Date "2000.02.05"]
[White "XXNoWay"]
[WhiteElo "2243"]
[Black "jtp"]
[BlackElo "2376"]
[TimeControl "180+0"]
[Result "0-1"]

1. b3 Nf6 2. Bb2 Nc6 3. Nf3 d6 4. e3 e5 5. Bb5 Bd7 6. d3 
Be7 7. Nbd2 a6 8. Bxc6 Bxc6 9. N@a5 Rg8 10. Nxc6 bxc6 11. B@b7 B@d7 
12. d4 exd4 13. Nxd4 N@h4 14. Rg1 c5 15. N4f3 Nxf3+ 16. Nxf3 Ra7 17. P@c6 
Bg4 18. N@d5 N@e4 19. Nxe7 Qxe7 20. B@d7+ Kf8 21. Bxg4 Nxg4 22. B@h4 f6 
23. Ng5 B@a5+ 24. c3 fxg5 25. Qxg4 N@d3+ 26. Ke2 Nxb2 27. Qf5+ N@f6 28. Qc8+ 
Kf7 29. Bxg5 B@d3+ 30. Kf3 Nxg5+ 31. Kg3 Rxc8 32. Bxc8 
{XXNoWay resigns} 0-1

[Event "fics rated crazyhouse match"]
[Site "fics, Oklahoma City, OK USA"]
[Date "2000.02.05"]
[White "Sjeng"]
[WhiteElo "2165"]
[Black "Seipman"]
[BlackElo "2251"]
[TimeControl "0+1"]
[Result "0-1"]

1. e4 e6 2. d4 Nc6 3. Be3 Nf6 4. Bd3 Bb4+ 5. Nd2 Bxd2+ 6. Qxd2 
d6 7. B@a4 Qe7 8. Bxc6+ bxc6 9. N@g5 e5 10. dxe5 dxe5 11. Rb1 P@d4 
12. N1f3 dxe3 13. Qxe3 B@h6 14. Nxe5 Bxg5 15. Qxg5 B@h6 16. Qg3 Bd7 17. Nxf7 
Qxf7 18. P@b7 Rb8 19. Qxc7 N@a6 20. Bxa6 O-O 21. B@c4 Be6 22. Qxc6 Bxc4 
23. Bxc4 B@d5 24. exd5 Rfe8# 
{Sjeng forfeits on time} 0-1

[Event "fics rated crazyhouse match"]
[Site "fics, Oklahoma City, OK USA"]
[Date "2000.02.05"]
[White "Seipman"]
[WhiteElo "2260"]
[Black "Sjeng"]
[BlackElo "2157"]
[TimeControl "0+1"]
[Result "1-0"]

1. e4 e6 2. Nc3 d6 3. d4 Nc6 4. Nf3 Nf6 5. Bd3 e5 6. dxe5 
dxe5 7. P@d5 P@g4 8. dxc6 gxf3 9. cxb7 fxg2 10. Rg1 Bg4 11. P@f3 Nxe4 
12. bxa8=Q Qxa8 13. Bxe4 Bxf3 14. Bxf3 P@d2+ 15. Bxd2 P@e2 16. Qxe2 P@e4 17. Bxe4 
Qb8 18. P@d7+ Kxd7 19. B@c6+ Ke7 20. N@f5+ Ke6 21. P@d5+ Kf6 22. P@g5+ Kg6 
23. N@h4# 
{Sjeng checkmated} 1-0

[Event "fics rated crazyhouse match"]
[Site "fics, Oklahoma City, OK USA"]
[Date "2000.02.05"]
[White "Sjeng"]
[WhiteElo "2149"]
[Black "Seipman"]
[BlackElo "2269"]
[TimeControl "0+1"]
[Result "0-1"]

1. e4 e6 2. d4 Nc6 3. Be3 Nf6 4. Bd3 Bb4+ 5. c3 Be7 6. Nd2 
d6 7. Ngf3 O-O 8. Bb5 Bd7 9. Bxc6 Bxc6 10. N@g5 B@h6 11. Qe2 Bxg5 
12. Nxg5 N@g4 13. Nc4 Nxe3 14. Qxe3 B@h6 15. Nxf7 Rxf7 16. Qe2 N@f4 17. Qf1 
Nxe4 18. Rb1 P@d2+ 19. Nxd2 Nxd2 20. Kxd2 Nxg2+ 21. P@f4 Nxf4 22. P@c2 P@g2 
23. Qc4 d5 24. Qxc6 bxc6 25. N@b7 N@e4+ 26. Ke1 Q@e2# 
{Sjeng checkmated} 0-1

[Event "fics rated crazyhouse match"]
[Site "fics, Oklahoma City, OK USA"]
[Date "2000.02.05"]
[White "Seipman"]
[WhiteElo "2277"]
[Black "Sjeng"]
[BlackElo "2142"]
[TimeControl "0+1"]
[Result "0-1"]

1. e4 Nf6 2. Nc3 d5 3. exd5 Nxd5 4. d4 e6 5. Nf3 Nc6 6. Bd3 
Nxc3 7. bxc3 N@h4 8. Nxh4 Qxh4 9. P@g3 Qd8 10. Rb1 P@b4 11. Bd2 bxc3 
12. Bxc3 Nxd4 13. Bxd4 P@d2+ 14. Qxd2 N@f3+ 15. gxf3 P@g2 16. Rg1 Qd5 17. P@e4 
Qxa2 18. Ra1 Qxa1+ 19. Bxa1 R@b1+ 20. N@d1 Rxa1 21. N@b3 Rxd1+ 22. Qxd1 N@c3 
23. Qd2 B@b4 24. N@e5 Nxe4 25. Qxb4 Bxb4+ 26. P@d2 Nxf2 27. Nxf7 Nxd3+ 28. cxd3 
Q@e3+ 29. Q@e2 P@f2+ 30. Kd1 fxg1=Q+ 31. Kc2 B@b1+ 32. Kb2 R@a2# 
{Seipman checkmated} 0-1

[Event "fics rated crazyhouse match"]
[Site "fics, Oklahoma City, OK USA"]
[Date "2000.02.05"]
[White "Sjeng"]
[WhiteElo "2156"]
[Black "Seipman"]
[BlackElo "2261"]
[TimeControl "0+1"]
[Result "0-1"]

1. e4 e6 2. d4 Nc6 3. Be3 Nf6 4. Bd3 d6 5. Nc3 Be7 6. d5 
exd5 7. Nxd5 Nb4 8. Nxb4 Be6 9. Bb5+ Bd7 10. P@c6 bxc6 11. Nxc6 Bxc6 
12. Bxc6+ P@d7 13. N@b7 Qc8 14. B@f5 P@e6 15. P@h6 dxc6 16. hxg7 Rg8 17. Bxe6 
fxe6 18. Na5 B@a6 19. P@f7+ Kxf7 20. Nxc6 Qd7 21. Nxe7 Qxe7 22. P@b7 Bxb7 
23. P@c6 Bxc6 24. Bxa7 Rxa7 25. P@d5 exd5 26. B@e3 dxe4 27. Bxa7 B@a5+ 28. R@c3 
Bxc3+ 29. bxc3 B@b6 30. Bxb6 cxb6 31. Qd4 e3 32. Qxe3 Qxe3+ 33. fxe3 P@f2+ 
34. Kxf2 N@e4+ 35. Ke1 Q@d2+ 36. Kf1 R@f2# 
{Sjeng checkmated} 0-1

[Event "fics rated crazyhouse match"]
[Site "fics, Oklahoma City, OK USA"]
[Date "2000.02.05"]
[White "Tecumseh"]
[WhiteElo "2242"]
[Black "XXNoWay"]
[BlackElo "2235"]
[TimeControl "180+0"]
[Result "0-1"]

1. e4 e6 2. d4 Nf6 3. e5 Nd5 4. Nc3 d6 5. Nf3 Nc6 6. Be2 
Be7 7. O-O O-O 8. exd6 cxd6 9. P@h6 gxh6 10. Bxh6 P@g7 11. Bxg7 Kxg7 
12. P@e4 Nf4 13. d5 P@h3 14. dxc6 hxg2 15. P@g3 gxf1=Q+ 16. Bxf1 P@g2 17. Bxg2 
Nxg2 18. Kxg2 B@g4 19. cxb7 Bxb7 20. h3 Bxh3+ 21. Kxh3 P@g4+ 22. Kxg4 f5+ 
23. Kh3 B@g4+ 24. Kg2 fxe4 25. B@e2 exf3+ 26. Kg1 N@h3+ 27. Kh2 R@g2+ 28. Kh1 
Nxf2# 
{Tecumseh checkmated} 0-1

[Event "fics rated crazyhouse match"]
[Site "fics, Oklahoma City, OK USA"]
[Date "2000.02.05"]
[White "XXNoWay"]
[WhiteElo "2243"]
[Black "Tecumseh"]
[BlackElo "2234"]
[TimeControl "180+0"]
[Result "1-0"]

1. e4 Nc6 2. Nc3 d5 3. e5 Nxe5 4. d4 Nc4 5. Bxc4 dxc4 6. Nf3 
B@g4 7. N@e5 P@h3 8. gxh3 Bxh3 9. Nxf7 P@g2 10. Rg1 Qd7 11. Nxh8 Qe6+ 
12. Ne5 Nh6 13. P@f7+ Nxf7 14. Nxf7 P@f6 15. R@d8# 
{Tecumseh checkmated} 1-0

[Event "fics rated crazyhouse match"]
[Site "fics, Oklahoma City, OK USA"]
[Date "2000.02.05"]
[White "pminear"]
[WhiteElo "2408"]
[Black "jtp"]
[BlackElo "2382"]
[TimeControl "180+0"]
[Result "1-0"]

1. e4 Nf6 2. Nc3 d5 3. exd5 Nxd5 4. d4 e6 5. Nxd5 exd5 6. Nf3 
Nc6 7. Bb5 Bb4+ 8. c3 Qe7+ 9. P@e3 Bf5 10. O-O Bd6 11. N@e5 Bxe5 
12. Nxe5 P@d7 13. Bxc6 bxc6 14. N@g3 Be6 15. f4 f6 16. B@h5+ g6 17. Nxg6 
hxg6 18. Bxg6+ Kf8 19. f5 Bg8 20. Nh5 B@d6 21. P@e5 fxe5 22. f6 Qxf6 
23. Rxf6+ Ke7 24. Rxd6 N@e8 25. Bxe8 Kxe8 26. B@g6+ P@f7 27. N@g7+ Kf8 28. P@e7+ 
Kxe7 29. Q@f6+ Kf8 30. Ne6+ dxe6 31. Rd8+ B@e8 32. Rxe8+ Rxe8 33. B@g7# 
{jtp checkmated} 1-0

[Event "fics rated crazyhouse match"]
[Site "fics, Oklahoma City, OK USA"]
[Date "2000.02.05"]
[White "Tecumseh"]
[WhiteElo "2226"]
[Black "XXNoWay"]
[BlackElo "2251"]
[TimeControl "180+0"]
[Result "1-0"]

1. e4 e6 2. d4 Nf6 3. e5 Nd5 4. Nf3 Nc6 5. Be2 d6 6. Nc3 
Be7 7. Ne4 O-O 8. O-O f5 9. exf6 Nxf6 10. Nxf6+ Bxf6 11. N@h5 P@h6 
12. Nf4 e5 13. dxe5 Nxe5 14. Nxe5 Bxe5 15. N@e6 Bxe6 16. Nxe6 Qf6 17. Nxf8 
Rxf8 18. R@f3 P@f4 19. P@d4 N@g5 20. dxe5 Nxf3+ 21. Bxf3 dxe5 22. N@d7 Qg5 
23. B@e6+ P@f7 24. Nxf8 fxe6 25. B@h3 Kxf8 26. R@d8+ B@e8 27. Bxe6 N@h4 28. Rxe8+ 
Kxe8 29. Qd7# 
{XXNoWay resigns} 1-0

[Event "fics rated crazyhouse match"]
[Site "fics, Oklahoma City, OK USA"]
[Date "2000.02.05"]
[White "XXNoWay"]
[WhiteElo "2242"]
[Black "Tecumseh"]
[BlackElo "2235"]
[TimeControl "180+0"]
[Result "0-1"]

1. e4 Nc6 2. Nc3 Nf6 3. Bb5 d5 4. e5 Ne4 5. Nf3 e6 6. O-O 
Be7 7. d4 Bd7 8. Bxc6 Bxc6 9. N@a5 h5 10. Nxc6 bxc6 11. B@b7 B@d7 
12. Nxe4 dxe4 13. Nd2 N@g5 14. f4 exf3 15. Nxf3 Nxf3+ 16. Qxf3 N@f5 17. Bxa8 
Qxa8 18. N@g5 B@g4 19. Qf2 h4 20. Nxf7 P@g3 21. Nxh8 gxf2+ 22. Rxf2 c5 
23. P@f7+ Kd8 24. R@e8+ Bxe8 25. fxe8=Q+ Kxe8 26. B@f7+ Kd7 27. Bxe6+ Kxe6 28. N@f4+ 
Kd7 29. P@e6+ Kc6 30. d5+ Kb6 31. P@a5+ Kxa5 32. Bd2+ P@b4 33. Bxb4+ cxb4 
{XXNoWay forfeits on time} 0-1

[Event "fics rated crazyhouse match"]
[Site "fics, Oklahoma City, OK USA"]
[Date "2000.02.05"]
[White "Tecumseh"]
[WhiteElo "2243"]
[Black "XXNoWay"]
[BlackElo "2234"]
[TimeControl "180+0"]
[Result "0-1"]

1. e4 e6 2. d4 Nc6 3. d5 Ne5 4. Nf3 Nxf3+ 5. gxf3 Bc5 6. N@d3 
Be7 7. Rg1 N@g6 8. Nc3 Nf6 9. dxe6 dxe6 10. P@e5 Nh5 11. f4 P@c4 
12. Qxh5 cxd3 13. Bxd3 N@b4 14. P@e2 Nxd3+ 15. exd3 B@d4 16. Be3 Bxe3 17. fxe3 
Bh4+ 18. Ke2 B@f2 19. Rg2 Bxe3 20. Kxe3 P@d4+ 21. Kf3 dxc3 22. bxc3 f5 
23. Rxg6 fxe4+ 24. dxe4 hxg6 25. Qxh8+ R@f8 26. Qxf8+ Kxf8 27. R@h8+ N@g8 28. N@h7+ 
Kf7 29. N@g5+ Bxg5 30. Nxg5+ Qxg5 31. fxg5 N@d2+ 32. Ke2 Q@f3+ 33. Kxd2 N@c4+ 
34. Kc1 P@b2+ 35. Kb1 Qd1+ 36. R@c1 Qxc1# 
{Tecumseh checkmated} 0-1

[Event "fics rated crazyhouse match"]
[Site "fics, Oklahoma City, OK USA"]
[Date "2000.02.05"]
[White "XXNoWay"]
[WhiteElo "2242"]
[Black "Tecumseh"]
[BlackElo "2235"]
[TimeControl "180+0"]
[Result "0-1"]

1. e4 Nc6 2. Nf3 Nf6 3. Bb5 e6 4. d3 d5 5. e5 Ng4 6. O-O 
Bd7 7. Bxc6 Bxc6 8. Bg5 B@e7 9. Bxe7 Bxe7 10. B@h5 B@f5 11. Bxg4 Bxg4 
12. N@d4 B@h5 13. Nxc6 bxc6 14. B@e2 Bxf3 15. Bxf3 Bxf3 16. Qxf3 N@g5 17. Qe3 
d4 18. Qe2 N@f4 19. Qg4 Nxg2 20. Qxg2 B@h3 21. Qg3 Bxf1 22. Kxf1 Qd5 
23. B@g2 P@f3 24. Bh1 R@g2 25. Bxg2 fxg2+ 26. Kg1 Qxe5 27. Qxg2 B@h3 28. P@d7+ 
Kxd7 29. N@c4 Qe1+ 30. B@f1 Bxg2 31. N@e5+ Ke8 32. Kxg2 Q@h3+ 33. Kg1 Qexf1# 
{XXNoWay checkmated} 0-1

[Event "fics rated crazyhouse match"]
[Site "fics, Oklahoma City, OK USA"]
[Date "2000.02.05"]
[White "Tecumseh"]
[WhiteElo "2243"]
[Black "XXNoWay"]
[BlackElo "2234"]
[TimeControl "180+0"]
[Result "1-0"]

1. e4 e6 2. d4 Nf6 3. e5 Nd5 4. Nc3 Bb4 5. Bd2 Bxc3 6. bxc3 
N@e4 7. Nf3 Nexc3 8. Bxc3 Nxc3 9. Qd3 B@b4 10. B@d2 a5 11. N@h5 P@b2 
12. Nxg7+ Kf8 13. Rd1 Kxg7 14. Bxc3 Bxc3+ 15. Qxc3 B@b4 16. B@f6+ Kg6 17. Nh4+ 
Kh5 18. Be2+ N@g4 19. N@g3# 
{XXNoWay resigns} 1-0

[Event "fics rated crazyhouse match"]
[Site "fics, Oklahoma City, OK USA"]
[Date "2000.02.05"]
[White "XXNoWay"]
[WhiteElo "2226"]
[Black "Tecumseh"]
[BlackElo "2251"]
[TimeControl "180+0"]
[Result "1-0"]

1. e4 Nc6 2. Nc3 Nf6 3. Bb5 Ne5 4. Nf3 Ng6 5. d4 a6 6. Bd3 
e6 7. Bg5 Be7 8. e5 Nd5 9. Nxd5 exd5 10. Bxe7 Qxe7 11. N@f5 B@a5+ 
12. Kf1 Qf8 13. B@c5 Qg8 14. Nxg7+ Qxg7 15. P@f6 Qh6 16. Bxg6 fxg6 17. N@g7+ 
Kf7 18. h4 N@e4 19. Kg1 Nxf2 20. Ng5+ Qxg5 21. hxg5 B@f8 22. Bxf8 P@e7 
23. fxe7 N@f6 24. exf6 N@e5 25. B@e8# 
{Tecumseh forfeits on time} 1-0

[Event "fics rated crazyhouse match"]
[Site "fics, Oklahoma City, OK USA"]
[Date "2000.02.05"]
[White "Tecumseh"]
[WhiteElo "2242"]
[Black "XXNoWay"]
[BlackElo "2235"]
[TimeControl "180+0"]
[Result "1-0"]

1. e4 e5 2. Nf3 d6 3. Bc4 Nf6 4. Nc3 Be7 5. d4 exd4 6. Nxd4 
P@e5 7. Nf5 Bxf5 8. exf5 N@h4 9. B@h3 O-O 10. P@g3 d5 11. gxh4 dxc4 
12. Bg5 B@d4 13. O-O Nc6 14. Bxf6 Bxf6 15. N@h5 B@e7 16. Ne4 Bxh4 17. Qg4 
P@g5 18. f6 Bxf6 19. Nhxf6+ gxf6 20. N@f5 P@g6 21. Nxh4 gxh4 22. Qxh4 N@f4 
23. Nxf6+ Kh8 24. Qxh7# 
{XXNoWay checkmated} 1-0

[Event "fics rated crazyhouse match"]
[Site "fics, Oklahoma City, OK USA"]
[Date "2000.02.05"]
[White "XXNoWay"]
[WhiteElo "2227"]
[Black "Tecumseh"]
[BlackElo "2250"]
[TimeControl "180+0"]
[Result "0-1"]

1. e4 d6 2. Nc3 Nf6 3. Nf3 Bg4 4. Bc4 e6 5. O-O Nc6 6. d3 
Be7 7. h3 Bh5 8. Bb5 O-O 9. Bxc6 bxc6 10. Be3 d5 11. e5 Nd7 
12. d4 f6 13. exf6 Nxf6 14. N@g5 B@f5 15. P@g4 Nxg4 16. hxg4 Bhxg4 17. N@f7 
Rxf7 18. Nxf7 Kxf7 19. Ne5+ Kg8 20. Nxg4 Bxg4 21. Qxg4 P@f5 22. Qh5 N@f6 
23. B@f7+ Kh8 24. Qe2 P@g4 25. Bg5 Qf8 26. Bxf6 Qxf7 27. Bxe7 P@f3 28. N@g5 
Qxe7 29. Qxe6 Qxe6 30. Nxe6 fxg2 31. Q@h5 N@f3+ 32. Kxg2 N@h4+ 33. Kg3 B@d6+ 
34. P@e5 Q@g2+ 35. Kf4 B@d2+ 36. P@e3 P@g5+ 37. Nxg5 Nxg5 38. Kxg5 N@f3# 
{XXNoWay forfeits on time} 0-1